Map: Pillars of Gold LE

Players

Maru

  • Race: Terran Terran
  • League: Master
  • Spawn Location: 7:00

ByuN - Winner!

  • Race: Terran Terran
  • Spawn Location: 1:00

Event: ASUS ROG Online 2020

VOD

Have the link to the VOD?

Description

Time

  • Played on: Nov. 29, 2020, 4:04 p.m.
  • Length: 9:34

All games in this series

Show
View Real Time Build Order
Export as new Build Order

Maru Terran 

Build Orders:  

Get SALT Encoding   

  12  0:00  SCV  
  13  0:15  Supply Depot  
  13  0:18  SCV  
  14  0:37  Barracks  
  14  0:42  Refinery  
  14  0:56  Barracks  
  14  1:01  SCV  
  15  1:13  SCV  
  16  1:24  Reaper  
  17  1:28  Orbital Command  
  17  1:36  Refinery  
  17  1:43  Reaper  
  18  1:55  SCV  
  18  1:57  Supply Depot  
  19  2:02  Reaper  
  19  2:07  SCV  
  21  2:15  Reaper  
  22  2:20  SCV  
  23  2:28  Factory  
  23  2:33  SCV  
  23  2:38  Reaper  
  24  2:45  SCV  
  24  2:48  Reaper  
  26  2:57  SCV  
  24  3:10  SCV  
  24  3:14  Reaper  
  24  3:22  Reaper  
  24  3:24  SCV  
  25  3:40  Hellion  
  27  3:41  Starport  
  27  3:49  Supply Depot, Reaper  
  27  3:50  SCV  
  27  3:54  Reaper  
  30  4:02  Supply Depot  
  30  4:11  Hellion  
  32  4:18  Medivac  
  32  4:23  Reaper  
  35  4:26  Reaper  
  35  4:27  Supply Depot  
  36  4:32  Hellion  
  38  4:54  Hellion  
  38  4:55  Reaper  
  38  4:58  Reaper  
  38  4:59  Command Center  
  42  5:06  Viking  
  44  5:13  SCV  
  45  5:25  SCV  
  41  5:30  Reaper  
  39  5:36  Hellion  
  39  5:38  SCV  
  39  5:40  Starport Tech Lab  
  41  5:46  Reaper  
  38  5:50  SCV  
  39  5:59  Raven  
  39  6:02  SCV  
  42  6:09  Factory Tech Lab  
  42  6:11  Orbital Command  
  42  6:13  Refinery  
  42  6:14  SCV  
  41  6:26  SCV  
  41  6:37  Cyclone  
  41  6:38  SCV x2  
  39  6:50  SCV x2  
  39  6:51  Raven  
  43  6:57  Command Center  
  42  7:02  SCV x2  
  42  7:04  Refinery  
  44  7:09  Siege Tank  
  44  7:14  SCV  
  44  7:15  SCV  
  48  7:26  SCV  
  48  7:27  SCV  
  48  7:33  Command Center  
  48  7:34  Raven  
  50  7:38  SCV  
  50  7:39  SCV  
  52  7:51  SCV x2  
  54  8:03  SCV x2  
  54  8:05  Refinery, Siege Tank  
  59  8:14  Barracks Reactor  
  59  8:15  SCV x2  
  61  8:26  Engineering Bay x2  
  61  8:27  SCV x2  
  61  8:30  Barracks  
  61  8:31  Barracks  
  63  8:39  SCV x2  
  53  8:51  SCV x2  
  48  9:03  SCV x2  
  51  9:15  SCV x2  
Show
View Real Time Build Order
Export as new Build Order

ByuN Terran - Winner!

Build Orders: Two Base Muta 

Get SALT Encoding   

  12  0:00  SCV  
  13  0:12  SCV  
  14  0:17  Supply Depot  
  14  0:24  SCV  
  15  0:39  SCV  
  15  0:40  Barracks  
  16  0:44  Refinery  
  16  0:51  SCV  
  16  0:54  Refinery  
  17  1:03  SCV  
  18  1:15  SCV  
  19  1:27  Orbital Command, Reaper  
  19  1:29  Supply Depot  
  20  1:43  Factory  
  20  1:53  SCV  
  21  2:00  Reaper  
  22  2:05  SCV  
  23  2:18  Command Center  
  23  2:21  SCV  
  24  2:29  Hellion  
  25  2:33  Marine  
  25  2:39  SCV  
  25  2:50  Hellion  
  25  2:51  SCV  
  22  3:06  SCV  
  22  3:12  Hellion  
  22  3:18  SCV  
  23  3:21  Barracks Reactor  
  23  3:30  SCV  
  25  3:35  Factory Tech Lab, Orbital Command  
  23  3:42  SCV  
  24  3:53  Cyclone  
  24  3:54  SCV  
  28  3:59  Starport  
  29  4:02  SCV  
  29  4:06  SCV  
  29  4:09  Marine x2  
  32  4:15  SCV  
  33  4:18  SCV  
  34  4:27  SCV  
  34  4:28  Marine x2  
  34  4:30  SCV  
  34  4:31  Factory Tech Lab  
  38  4:34  Refinery  
  38  4:39  SCV  
  38  4:41  Raven  
  38  4:42  Supply Depot  
  38  4:43  SCV  
  42  4:49  Marine x2  
  42  4:51  SCV  
  45  4:55  SCV  
  46  5:04  Siege Tank, SCV  
  46  5:05  Supply Depot  
  50  5:07  SCV  
  50  5:09  Marine  
  50  5:11  Marine  
  53  5:16  SCV  
  53  5:19  SCV  
  50  5:27  Marine  
  42  5:28  SCV  
  42  5:29  Marine  
  42  5:31  SCV  
  34  5:40  Raven  
  36  5:44  SCV x2, Marine  
  36  5:47  Marine  
  35  5:56  SCV  
  34  5:58  Cyclone  
  34  6:00  SCV  
  34  6:02  Marine  
  39  6:06  Marine  
  39  6:09  SCV  
  41  6:12  SCV  
  42  6:21  SCV  
  42  6:24  SCV  
  43  6:30  Siege Tank  
  45  6:33  SCV  
  45  6:34  Marine  
  45  6:36  SCV  
  45  6:37  Marine  
  49  6:45  SCV  
  48  6:48  SCV  
  48  6:54  Marine  
  46  6:55  Marine  
  46  6:57  SCV  
  46  7:00  SCV  
  50  7:06  Banshee  
  53  7:09  SCV  
  53  7:12  SCV  
  53  7:14  Marine x2  
  56  7:21  Siege Tank, SCV  
  59  7:24  SCV  
  60  7:33  SCV  
  60  7:36  SCV  
  62  7:38  Supply Depot  
  62  7:48  Marine x2  
  62  7:58  SCV  
  62  7:59  SCV, Siege Tank  
  60  8:08  Marine x2  
  60  8:09  Raven  
  60  8:10  SCV  
  66  8:12  SCV  
  66  8:22  SCV  
  66  8:25  SCV  
  68  8:33  Marine x2  
  70  8:34  Siege Tank  
  73  8:42  SCV x2  
  73  8:44  Command Center  
  75  8:54  SCV x2  
  71  8:58  Marine x2  
  68  9:05  Barracks  
  68  9:06  SCV x2  
  71  9:18  SCV  
  71  9:19  SCV  
Tags
 
Add a new tag
Caveats
  • Supply blocks, unpowered buildings, or Contaminate may cause inaccurate times.
  • Supply counts are checked every 10 seconds.